 Dungeon Crawl Stone Soup version 0.27-a0-1529-g1e82c303ef (webtiles) character file.

Game seed: 11843867208122576291

17956 Morbidden the Grappler (level 12, -6/115 HPs)
             Began as a Troll Monk on July 12, 2021.
             Was the Champion of Cheibriados.
             Killed from afar by Jorgrun (54 damage)
             ... with an iron shot
             ... on level 12 of the Dungeon.
             The game lasted 00:28:42 (10409 turns).

Morbidden the Grappler (Troll Monk)                Turns: 10409, Time: 00:28:43

Health: -6/115     AC: 11    Str: 37    XL:     12   Next: 23%
Magic:  17/17      EV: 16    Int: 25    God:    Cheibriados [******]
Gold:   464        SH:  0    Dex: 27    Spells: 4/19 levels left

rFire    + . .     SeeInvis .     - Unarmed
rCold    . . .     Faith    .   (no shield)
rNeg     + . .     Spirit   .   o - +1 troll leather armour
rPois    .         Reflect  .   y - +1 hat
rElec    .         Harm     .   c - +2 cloak {Will+}
rCorr    .         Rampage  .   (gloves unavailable)
Will     +....                  (boots unavailable)
Stlth    +++.......             B - amulet of regeneration
HPRegen  3.29/turn              q - ring of positive energy
MPRegen  0.15/turn              C - ring of protection from fire

@: about to teleport, studying Necromancy, very slow
A: large, unfitting armour, claws 3, regeneration 1, shaggy fur 1, tough skin 1,
mutation resistance 1
a: Renounce Religion, Bend Time, Temporal Distortion, Slouch, Step From Time


You were on level 12 of the Dungeon.
You worshipped Cheibriados.
Cheibriados was exalted by your worship.
You visited 1 branch of the dungeon, and saw 13 of its levels.
You also visited: Ossuary.

You collected 594 gold pieces.
You spent 130 gold pieces at shops.

Inventory:

Hand Weapons
 b - a +4 hunting sling
Missiles
 d - 73 sling bullets
 e - 21 boomerangs
 g - 249 stones
 l - a curare-tipped dart
 n - 22 poisoned darts (quivered)
 E - 6 throwing nets
 I - 5 large rocks
 O - an atropa-tipped dart
Armour
 c - a +2 cloak of willpower (worn)
 o - a +1 troll leather armour (worn)
 r - a +1 robe of fire resistance
 y - a +1 hat (worn)
 L - +0 acid dragon scales
 M - a +1 robe of cold resistance
Jewellery
 q - a ring of positive energy (left claw)
 B - an amulet of regeneration (around neck)
 C - a ring of protection from fire (right claw)
 F - a ring of protection from fire
 J - a ring of ice
Wands
 j - a wand of polymorph (4)
 p - a wand of iceblast (42)
 H - a wand of charming (9)
Scrolls
 f - 4 scrolls of fear
 h - 2 scrolls of blinking
 k - 2 scrolls of vulnerability
 m - 2 scrolls of immolation
 t - a scroll of silence
 v - 3 scrolls of teleportation
 w - 5 scrolls of identify
 G - a scroll of fog
 N - a scroll of magic mapping {unknown}
Potions
 a - a potion of cancellation {unknown}
 i - a potion of magic
 s - a potion of brilliance
 u - 4 potions of curing
 x - a potion of invisibility
 z - 4 potions of ambrosia {unknown}
 A - 2 potions of haste {unknown}
 D - a potion of might
 K - a potion of degeneration {unknown}


   Skills:
 * Level 6.3 Fighting
 + Level 1.1(3.1) Slings
 * Level 6.3(6.4) Throwing
 + Level 2.1 Armour
 * Level 7.6 Dodging
 + Level 2.3 Stealth
 + Level 9.5 Unarmed Combat
 * Level 4.2 Spellcasting
 * Level 3.9 Necromancy
 * Level 4.8 Translocations
 * Level 2.0 Transmutations
 * Level 4.6 Invocations
 + Level 0.2 Evocations


You had 4 spell levels left.
You knew the following spells:

 Your Spells              Type           Power      Damage    Failure   Level
a - Blink                 Tloc           N/A        N/A       1%          2
b - Manifold Assault      Tloc           29%        N/A       36%         5
c - Necromutation         Tmut/Necr      10%        N/A       100%        8

Your spell library contained the following spells:

 Spells                   Type           Power      Damage    Failure   Level
 Lesser Beckoning         Tloc           14%        N/A       4%          3
 Summon Small Mammal      Summ           20%        N/A       10%         1
 Call Canine Familiar     Summ           5%         N/A       28%         3
 Summon Guardian Golem    Hex/Summ       5%         N/A       28%         3
 Petrify                  Tmut/Erth      10%        N/A       52%         4
 Metabolic Englaciation   Hex/Ice        2%         N/A       95%         5
 Statue Form              Tmut/Erth      6%         N/A       100%        6
 Borgnjor's Revivificati  Necr           12%        N/A       100%        8
 Death's Door             Necr           12%        N/A       100%        9


Dungeon Overview and Level Annotations

Branches:
Dungeon (13/15)            Temple (0/1) D:7            Lair (0/6) D:11
Ossuary (visited)
    Orc: D:9-12      Vaults: D:13-14

Altars:
Ashenzari
Cheibriados
Dithmenos
Fedhas
Gozag
Makhleb
Okawaru
Sif Muna

Shops:
D:4 (   D:6 !*   D:12 (*

Annotations:
D:6 1 runed translucent door, Crazy Yiuf
D:10 exclusion: 2 doors
D:12 exclusion: hydra, Jorgrun


Innate Abilities, Weirdness & Mutations

You are too large for most types of armour.
You have claws for hands.
Your natural rate of healing is unusually fast.
You are covered in fur. (AC +1)
You have tough skin. (AC +1)
You are somewhat resistant to further mutation.


Message History

Okay, then.
Okay, then.
Unknown command.
The slime creature quivers. x4
The centaur hits you. The centaur completely misses you.
Jorgrun gestures at you while chanting.
You easily resist.
The slime creature hits you but does no damage.
You climb upwards.
Level annotation: exclusion: hydra
There is a stone staircase leading down here.
Unknown command.
Unknown command.
Unknown command.
Okay, then.
As you read the scroll of teleportation, it crumbles to dust.
You feel strangely unstable. The centaur closely misses you.
The centaur misses you. The centaur barely misses you. The centaur kicks you.
Jorgrun says, "May tha earth consume ye!"
Jorgrun gestures at you while chanting. The iron shot hits you!!!
The slime creature barely misses you.
Unknown command.
Unknown command.
Unknown command.
Unknown command.
Unknown command.
Unknown command.
You are now empty-clawed.
Unknown command.
Unknown command.
You barely miss Jorgrun. The centaur closely misses you. The centaur kicks you.
Jorgrun hits you with a staff of earth! The slime creature hits you!
The centaur misses you. The centaur completely misses you.
Unknown command.
You scratch Jorgrun.
Jorgrun is lightly wounded.
The centaur barely misses you. x2
Jorgrun gestures at you while chanting. The iron shot hits you!!!
You die...

#........'...
#...#....#.. #...#.......
#...........
######.≈..........
#...)..≈⌠≈...#+##+#.
#......≈.≈..((....$.
######.........J.#.......
................@ge......
###########...#c##.......
#####)# ....... ........#
....... ######### .......
e..(..# ....


You could see Jorgrun, a slime creature, a deep elf pyromancer and a centaur.

Vanquished Creatures
  Fannar (D:11)
  A boulder beetle (D:12)
  Harold (D:10)
  An ogre mage (D:8)
  2 two-headed ogres
  A tengu warrior (D:8)
  Pikel (D:4)
  Maurice (D:10)
  Joseph (D:8)
  3 trolls
  A raiju (shapeshifter) (D:8)
  Sigmund (D:5)
  A spriggan (D:9)
  A shadow (D:10)
  4 wyverns (D:11)
  4 wraiths
  14 yaks
  3 steam dragons
  4 vampire mosquitoes (D:11)
  An acid dragon (D:11)
  7 water moccasins
  An ice beast (D:5)
  A sky beast (D:7)
  A hornet zombie (D:8)
  4 orc warriors
  2 black bears
  A necrophage (D:7)
  An ogre (D:6)
  6 centaurs
  A lemure (D:3)
  2 phantoms (D:5)
  3 kobold brigands
  2 bullfrogs
  2 scorpions
  3 water moccasin zombies
  A water moccasin skeleton (D:7)
  A wyvern skeleton (D:6)
  23 killer bees
  13 wights
  An electric eel (D:6)
  2 lava snakes (D:7)
  7 centaur zombies
  A bullfrog zombie (D:6)
  A jelly (D:4)
  5 orc priests
  3 hounds
  A centaur skeleton (D:4)
  4 iguanas
  8 orc wizards
  2 killer bee zombies
  3 howler monkey zombies
  2 mummies (Ossuary)
  3 gnolls (D:4)
  5 adders
  A white imp (D:6)
  An ufetubus (D:4)
  5 adder zombies (Ossuary)
  2 worms
  A dart slug (D:4)
  44 orcs
  6 endoplasms
  2 giant cockroaches
  3 gnoll zombies (Ossuary)
  4 goblins
  2 hobgoblins
  10 jackals
  13 kobolds
  2 quokkas (D:1)
  3 training dummies (D:12)
  7 ball pythons
  5 bats
  3 frilled lizards (D:1)
  5 hobgoblin zombies (Ossuary)
  6 kobold zombies (Ossuary)
  6 orc zombies (Ossuary)
  4 rats
305 creatures vanquished.

Vanquished Creatures (collateral kills)
  A phantom (D:6)
1 creature vanquished.

Vanquished Creatures (others)
  2 orcs
  3 fungi (D:11)
  26 plants
31 creatures vanquished.

Grand Total: 337 creatures vanquished

Notes
Turn   | Place    | Note
-------+----------+-------------------------------------------
     0 | D:1      | Morbidden the Troll Monk began the quest for the Orb.
     0 | D:1      | Reached XP level 1. HP: 22/22 MP: 0/0
    55 | D:1      | Found a faded altar of an unknown god.
   128 | D:1      | Reached XP level 2. HP: 29/29 MP: 1/1
   762 | D:2      | Reached XP level 3. HP: 37/37 MP: 2/2
   817 | D:2      | Found an opulent altar of Gozag.
  1330 | D:2      | Reached XP level 4. HP: 33/45 MP: 3/3
  1406 | D:3      | Reached skill level 1 in Throwing
  1425 | D:3      | Learned a level 2 spell: Blink
  1478 | D:3      | Found an opulent altar of Gozag.
  1529 | D:3      | Found a broken altar of Ashenzari.
  1529 | D:3      | Found a shadowy altar of Dithmenos.
  1536 | D:3      | Found an iron altar of Okawaru.
  1538 | D:3      | Found a faded altar of an unknown god.
  1540 | D:3      | Found a blossoming altar of Fedhas.
  1691 | D:3      | Reached XP level 5. HP: 52/53 MP: 4/4
  1775 | D:4      | Found Xypsae Ytwa's Antique Weapon Shop.
  1822 | D:4      | Reached skill level 4 in Unarmed Combat
  1840 | D:4      | Found a burning altar of Makhleb.
  1844 | D:4      | Noticed a black bear
  1857 | D:4      | Killed a black bear
  1858 | D:4      | Reached XP level 6. HP: 37/61 MP: 5/5
  1869 | D:4      | Reached skill level 1 in Slings
  2000 | D:4      | Noticed Pikel
  2293 | D:4      | Reached skill level 1 in Translocations
  2347 | D:4      | Reached XP level 7. HP: 33/68 MP: 4/7
  2660 | D:4      | Found a snail-covered altar of Cheibriados.
  2666 | D:4      | Became a worshipper of Cheibriados the Contemplative
  2666 | D:4      | Reached * piety under Cheibriados
  2666 | D:4      | Reached ** piety under Cheibriados
  2736 | D:4      | Learned a level 5 spell: Manifold Assault
  2754 | D:4      | Reached skill level 1 in Spellcasting
  3006 | D:5      | Entered Level 5 of the Dungeon
  3006 | D:5      | Noticed Sigmund
  3077 | D:4      | Killed Pikel
  3078 | D:4      | Reached skill level 5 in Unarmed Combat
  3078 | D:4      | Reached XP level 8. HP: 30/78 MP: 2/9
  3254 | D:5      | Killed Sigmund
  3314 | D:5      | Found a shimmering blue altar of Sif Muna.
  3334 | D:5      | Reached skill level 6 in Unarmed Combat
  3649 | D:5      | Reached *** piety under Cheibriados
  3772 | D:5      | Reached skill level 5 in Dodging
  3772 | D:5      | Reached XP level 9. HP: 31/85 MP: 9/11
  3888 | D:6      | Found Biuluili's Distillery.
  3899 | D:6      | Bought a potion of heal wounds for 65 gold pieces
  3899 | D:6      | Bought a potion of heal wounds for 65 gold pieces
  3907 | D:6      | Found Kuolunwa's Gadget Gallery.
  4098 | D:6      | Found a sand-covered staircase.
  4107 | Ossuary  | Entered an ossuary
  4129 | Ossuary  | Reached **** piety under Cheibriados
  4744 | D:6      | Found a runed translucent door.
  4745 | D:6      | Noticed Crazy Yiuf
  4822 | D:7      | Reached skill level 1 in Invocations
  4875 | D:7      | Reached ***** piety under Cheibriados
  4877 | D:7      | Reached skill level 7 in Unarmed Combat
  5202 | D:7      | Found a staircase to the Ecumenical Temple.
  5208 | D:7      | Reached skill level 5 in Fighting
  6079 | D:8      | Reached XP level 10. HP: 64/90 MP: 8/13
  6146 | D:8      | Noticed Joseph
  6161 | D:8      | Identified 2 scrolls of acquirement
  6161 | D:8      | Acquired a manual of Necromancy
  6204 | D:8      | Acquired an amulet of regeneration
  6532 | D:8      | Killed Joseph
  6624 | D:8      | Noticed a tengu warrior
  6625 | D:8      | Paralysed by a hornet for 1 turns
  6631 | D:8      | Paralysed by a hornet for 3 turns
  6631 | D:8      | Noticed an ogre mage
  6728 | D:8      | Reached skill level 8 in Unarmed Combat
  6730 | D:8      | Gained mutation: Armour fits poorly on your strangely
                  | shaped body. [potion of mutation]
  6730 | D:8      | Gained mutation: You are strong-willed. (Will+) [potion of
                  | mutation]
  6731 | D:8      | Lost mutation: Armour fits poorly on your strangely shaped
                  | body. [potion of mutation]
  6731 | D:8      | Lost mutation: You are strong-willed. (Will+) [potion of
                  | mutation]
  6731 | D:8      | Gained mutation: You are somewhat resistant to further
                  | mutation. [potion of mutation]
  6750 | D:8      | Killed a tengu warrior
  6772 | D:8      | Reached skill level 5 in Throwing
  6904 | D:8      | Noticed an anaconda
  6909 | D:8      | Noticed a two-headed ogre
  6926 | D:8      | Killed an ogre mage
  7098 | D:9      | Reached XP level 11. HP: 104/104 MP: 15/15
  7146 | D:9      | Learned a level 8 spell: Necromutation
  7609 | D:9      | Reached skill level 1 in Armour
  7731 | D:10     | Entered Level 10 of the Dungeon
  7752 | D:10     | Reached skill level 1 in Necromancy
  7764 | D:10     | Noticed Harold
  7781 | D:10     | Killed Harold
  7894 | D:10     | Noticed Maurice
  7907 | D:10     | Killed Maurice
  7962 | D:10     | Noticed a two-headed ogre
  7996 | D:10     | Killed a two-headed ogre
  8137 | D:10     | Reached skill level 1 in Transmutations
  9196 | D:10     | Reached skill level 9 in Unarmed Combat
  9270 | D:11     | Reached ****** piety under Cheibriados
  9451 | D:11     | Found a staircase to the Lair.
  9470 | D:11     | Noticed a two-headed ogre
  9475 | D:11     | Killed a two-headed ogre
  9476 | D:11     | Reached XP level 12. HP: 114/114 MP: 17/17
  9611 | D:11     | Noticed Fannar
  9625 | D:11     | Killed Fannar
 10030 | D:12     | Noticed a boulder beetle
 10048 | D:12     | Killed a boulder beetle
 10090 | D:12     | Noticed a five-headed hydra
 10106 | D:12     | Found Tatiel's Assorted Antiques.
 10293 | D:12     | Found Ceh Roit's Firing Range.
 10396 | D:12     | Noticed Jorgrun
 10409 | D:12     | Killed from afar by Jorgrun

Illustrated notes

Levels and vault maps discovered:
D:1:      ncdulo_halloftheorcs, layout_loops_cross,
          ebering_ecumenical_altar_abandoned, serial_bayou_lake_a
D:2:      layout_rooms, basic_altar
D:3:      layout_rooms, grunt_gozag_breadcrumbs,
          chequers_temple_overflow_minitemple, kennysheep_flooded_box
D:4:      layout_rooms, kennysheep_slug_shrine, mainiacjoe_overflow_boulevard,
          serial_shops, nicolae_lakefront_shop, uniq_pikel
D:5:      layout_basic, mainiacjoe_overflow_cross_hatched,
          kennysheep_generic_room_12, uniq_sigmund
D:6:      layout_rooms, nicolae_ossuary_entry_ruins, nicolae_stop_n_shop_1,
          serial_bayou_ford_a, nicolae_shop_gadgets, uniq_crazy_yiuf_cottage
D:7:      layout_layer_cave, minmay_temple_entry_wispy, nicolae_lava_and_water,
          chequers_arboretum
D:8:      nzn_winding_woodlands_small [nzn_winding_woodlands_5x15_parted,
          nzn_winding_woodlands_center_lodge,
          nzn_winding_woodlands_5x15_crooked], layout_cave_pools,
          kennysheep_nondescript, grunt_decor_fettered, uniq_joseph
D:9:      layout_loops_ring, the_hattery
D:10:     kennysheep_big_flooded_room, layout_stronghold, uniq_harold,
          uniq_maurice
D:11:     layout_small_grid, minmay_lair_entry_grove, uniq_fannar
D:12:     layout_basic, orc_0_dummy, serial_shops, shop, special_room
          [special_room_orc], corexii_leaking_fountain,
          nicolae_shop_firing_range, uniq_jorgrun
D:13:     layout_rooms, ximxim_vaults_locker_room, minmay_misc_feat_tiny,
          lemuel_freeze_loot_1

Skill      XL: |  1  2  3  4  5  6  7  8  9 10 11 12 |
---------------+-------------------------------------+-----
Fighting       | 3 4 5 6 |  6.3
Throwing       | 1 2 3 4 5 6 |  6.3
Dodging        | 3 4 5 6 7 |  7.6
Unarmed Combat | 4 5 6 7 8 9 |  9.5
Slings         | 1 |  1.1
Translocations | 1 2 3 4 |  4.8
Spellcasting   | 1 2 3 4 |  4.2
Invocations    | 1 3 4 |  4.6
Stealth        | 2 |  2.3
Armour         | 2 |  2.1
Necromancy     | 3 |  3.9
Transmutations | 1 2 |  2.0
Evocations     | |  0.2

Action                   |  1- 3 |  4- 6 |  7- 9 | 10-12 || total
-------------------------+-------+-------+-------+-------++-------
Melee: Unarmed           |    78 |   104 |   358 |   396 ||   936
       Punch             |     1 |     2 |    16 |    32 ||    51
 Fire: Hunting sling     |     9 |       |     4 |    25 ||    38
Throw: Stone             |     1 |    17 |    91 |     6 ||   115
       Boomerang         |       |     6 |       |       ||     6
       Dart              |       |       |       |    63 ||    63
 Cast: Blink             |       |       |     1 |    19 ||    20
Invok: Slouch            |       |       |       |     2 ||     2
       Bend Time         |       |       |       |     1 ||     1
Evoke: Wand              |       |       |     6 |     4 ||    10
  Use: Scroll            |       |     5 |     5 |     8 ||    18
       Potion            |       |     2 |     1 |     8 ||    11
 Stab: Sleeping          |     1 |       |     7 |     5 ||    13
Armor: Robe              |    26 |    32 |   102 |     8 ||   168
       Skin              |       |       |       |    36 ||    36
       Steam dragon scal |       |       |       |    11 ||    11
       Troll leather arm |       |       |       |   126 ||   126
Dodge: Dodged            |    43 |    51 |   239 |   373 ||   706

Table legend: (Time is in decaauts)
 A = Elapsed time spent in this place.
 B = Non-inter-level travel time spent in this place.
 C = Inter-level travel time spent in this place.
 D = Time resting spent in this place.
 E = Time spent auto-exploring this place.
 F = Levels seen in this place.
 G = Mean time per level.
                   A        B        C        D        E       F      G
               +--------+--------+--------+--------+--------+-----+--------+
         Total |  14882 |  14141 |    741 |    969 |  10333 |  14 | 1063.0 |
       Dungeon |  14659 |  13918 |    741 |    969 |  10208 |  13 | 1127.6 |
       Ossuary |    223 |    223 |      0 |      0 |    125 |   1 |  223.0 |
               +--------+--------+--------+--------+--------+-----+--------+

Top non-repeatable levels by time:
    D:10: 2316 daAuts
     D:7: 2103 daAuts
    D:11: 1513 daAuts
     D:4: 1369 daAuts
     D:8: 1280 daAuts
     D:9: 1271 daAuts
     D:6: 1134 daAuts
     D:5: 1031 daAuts
     D:1: 814 daAuts
    D:12: 691 daAuts
     D:2: 587 daAuts
     D:3: 543 daAuts
 Ossuary: 223 daAuts
    D:13: 1 daAuts
